Connexion

Wolf Pack vs Moose

Created - 28 août 2023 at 07:07

Goals
1 2 3 OT1 T
Wolf Pack 0 2 3 1 6
Moose 0 3 2 0 5
Shots
1 2 3 OT1 T
Wolf Pack 8 14 16 2 40
Moose 6 15 18 1 40

GoalsPenalties
1st period
No Goal
Jake Virtanen (MAN) for Roughing (Minor) at 4:45
Mathieu Olivier (MAN) for Holding (Minor) at 14:57
2nd period
1. Moose , Fredrik Claesson 4 (Anthony Richard 7, Jordan Martinook 4) at 2:30 (PP)
2. Moose , Pierre Engvall 3 (Anthony Richard 8) at 5:15
3. Moose , Alex Barre-Boulet 4 (Jake Virtanen 6, Fredrik Claesson 3) at 10:22
4. Wolf Pack , Emile Poirier 2 (Henri Ikonen 3, Luke Witkowski 3) at 11:46
5. Wolf Pack , Dave Gust 4 (Ben Holmstrom 5) at 12:47
Cole Bardreau (HAR) for Tripping (Minor) at 1:40
Daniel Walcott (HAR) for Cross-checking (Minor) at 19:09
3rd period
6. Wolf Pack , Cole Bardreau 6 (Jeremy Bracco 4, Matt Donovan 10) at 1:19
7. Moose , Alex Barre-Boulet 5 (Fredrik Claesson 4, Anthony Richard 9) at 6:29 (SH)
8. Wolf Pack , Luke Witkowski 5 (Henri Ikonen 4) at 10:10
9. Wolf Pack , Jeremy Bracco 10 (Cole Bardreau 9, Kyle Wood 1) at 12:42
10. Moose , Alex Barre-Boulet 6 (Mathias Norlinder 11, Jake Virtanen 7) at 17:00
Joe Thornton (HAR) for Roughing (Minor) at 2:19
Fredrik Claesson (MAN) for Close Hand On Puck (Minor) at 2:53
Xavier Ouellet (MAN) for Hooking (Minor) at 4:55
Isaac Ratcliffe (MAN) for Hooking (Minor) at 17:54
Overtime #1
11. Wolf Pack , Emile Poirier 3 (Daniel Walcott 10, Brad Richardson 4) at 0:34
No Penalty
Goalie Stats
Mads Sogaard (HAR), 35 saves from 40 shots - (0,875), W, 4-7-1, 60:35 minutes
Kaden Fulcher (MAN), 34 saves from 40 shots - (0,850), OTL, 5-4-2, 60:35 minutes
3 StarsOfficial
1 - Emile Poirier (HAR)
2 - Luke Witkowski (HAR)
3 - Alex Barre-Boulet (MAN)
Referees : Kelly Sutherland and Dave Jackson
Linesman : Jay Sharrers and Mark Pare
Game Note
Alex Barre-Boulet has scored a Hat Trick!
Finance
Level 1 -- Attendance: 1813 (90,65%) -- Ticket Income 63 455 $
Level 2 -- Attendance: 1000 (100,00%) -- Ticket Income 15 000 $
Total Attendance: 2813 (93,77%)
Total Ticket Income: 78 455 $
Other Income: 15 691 $
Total Income: 94 146 $



Team Name Goals Shots Shots Attemp Shots Blocked PIM HIT PP PK FO%
Wolf Pack 6406426340 / 5 (0%)148%
Moose 54062310211 / 3 (33%)052%

Wolf Pack
Player Name POS G A P +/- PIM HIT SHT SB MP PP MP PP SHT PK MP PK SHT FO% FOT
Ben HolmstromC/RW011-1015019:573:1900:06058% 24
Brad RichardsonC/LW/RW011-1034021:313:2810:48063% 8
Cole BardreauC/RW1121235013:590:3410:17050% 2
Daniel WalcottD0112293022:063:2110:2400% 0
Dave GustRW101-2013023:193:0102:29020% 5
Emile PoirierLW/RW2023024018:044:2100:0600% 0
Henri IkonenC/LW0221011024:334:0602:38046% 26
Jeremy BraccoLW/RW1121001013:090:0000:0000% 0
Joe ThorntonC0001222013:490:4100:00046% 13
Kyle WoodD0111010014:100:4200:5900% 0
Luke WitkowskiRW1122042017:324:0000:2200% 0
Matt DonovanD011-1032124:044:1302:0000% 0
Michael KaplaD0001001113:250:5600:0000% 0
Nick LappinC/RW000000104:330:3400:00033% 6
Seth HelgesonD0001030022:293:1901:2300% 0
Shane BowersC/RW000000303:590:0000:0000% 0
Ty RonningRW000000102:292:0010:0000% 1
Tyler WotherspoonD000-1012023:463:5512:0000% 0
Moose
Player Name POS G A P +/- PIM HIT SHT SB MP PP MP PP SHT PK MP PK SHT FO% FOT
Alec RegulaD000-1010013:210:0000:1100% 0
Alex Barre-BouletC/LW/RW303-3016224:210:2705:09147% 32
Anthony RichardC/LW0332001019:561:2914:52063% 16
Derrick PouliotD0000022023:451:1523:4400% 0
Filip ChlapikC/LW0000002013:431:5410:00036% 11
Fredrik ClaessonD1230231017:410:2913:1700% 0
Isaac RatcliffeLW0000211011:521:2900:000100% 1
Jake VirtanenRW022-3236016:440:0000:000100% 1
Jordan MartinookC/LW0111042018:451:2903:41133% 9
Mathias NorlinderD011-1023025:151:5404:4600% 0
Mathieu OlivierLW/RW000021107:511:5400:000100% 1
Nikita ScherbakLW/RW000-3002019:190:0002:340100% 4
Pierre EngvallLW/RW1011007013:350:0000:0000% 0
Remi ElieLW000-100107:170:0000:4400% 1
Ryan DmowskiLW0000001010:240:0000:0000% 0
Ryan McleodC000000105:580:0000:00067% 6
Wyatte WylieD0000021022:272:0814:0800% 0
Xavier OuelletD000-1212119:312:2600:54033% 3



Play-by-Play

1st period


0:01 of 1st period - Ben Holmstrom wins face-off versus Alex Barre-Boulet in neutral zone.
0:04 of 1st period - Jake Virtanen is hit by Brad Richardson and loses puck.
0:18 of 1st period - Dave Gust is hit by Mathias Norlinder and loses puck.
1:59 of 1st period - Kyle Wood is hit by Isaac Ratcliffe and loses puck.
2:27 of 1st period - Filip Chlapik is hit by Cole Bardreau and loses puck.
3:05 of 1st period - Off-side.
3:06 of 1st period - Alex Barre-Boulet wins face-off versus Ben Holmstrom in neutral zone.
3:16 of 1st period - Derrick Pouliot is hit by Matt Donovan and loses puck.
3:30 of 1st period - Icing by Tyler Wotherspoon.
3:31 of 1st period - Ryan Mcleod wins face-off versus Ben Holmstrom in Wolf Pack zone.
4:45 of 1st period - Minor Penalty to Jake Virtanen for Roughing.
4:46 of 1st period - Henri Ikonen wins face-off versus Alex Barre-Boulet in Moose zone.
5:52 of 1st period - Shot by Emile Poirier.
5:52 of 1st period - Shot Misses the Net.
5:56 of 1st period - Shot by Daniel Walcott.
5:56 of 1st period - Shot Misses the Net.
6:25 of 1st period - Off-side.
6:26 of 1st period - Jordan Martinook wins face-off versus Ben Holmstrom in neutral zone.
6:37 of 1st period - Jordan Martinook is hit by Emile Poirier and loses puck.
6:54 of 1st period - Shot by Ryan Dmowski.
6:54 of 1st period - Stopped by Mads Sogaard without a rebound.
6:55 of 1st period - Joe Thornton wins face-off versus Remi Elie in Wolf Pack zone.
6:55 of 1st period - Joe Thornton is hit by Mathieu Olivier.
7:35 of 1st period - Shot by Mathieu Olivier.
7:35 of 1st period - Stopped by Mads Sogaard without a rebound.
7:36 of 1st period - Ben Holmstrom wins face-off versus Filip Chlapik in Wolf Pack zone.
7:41 of 1st period - Shot by Brad Richardson.
7:41 of 1st period - Stopped by Kaden Fulcher without a rebound.
7:42 of 1st period - Henri Ikonen wins face-off versus Filip Chlapik in Moose zone.
7:58 of 1st period - Henri Ikonen is hit by Mathias Norlinder and loses puck.
8:44 of 1st period - Alex Barre-Boulet is hit by Seth Helgeson and loses puck.
9:00 of 1st period - Jake Virtanen is hit by Daniel Walcott and loses puck.
9:16 of 1st period - Jordan Martinook is hit by Daniel Walcott and loses puck.
9:41 of 1st period - Shot by Anthony Richard.
9:41 of 1st period - Shot Misses the Net.
10:20 of 1st period - Shot by Dave Gust.
10:20 of 1st period - Shot Misses the Net.
11:30 of 1st period - Shot by Alex Barre-Boulet.
11:30 of 1st period - Stopped by Mads Sogaard with a rebound.
11:38 of 1st period - Shot by Jake Virtanen.
11:38 of 1st period - Stopped by Mads Sogaard with a rebound.
11:40 of 1st period - Shot by Alex Barre-Boulet.
11:40 of 1st period - Shot Blocked by Matt Donovan.
11:42 of 1st period - Shot by Jake Virtanen.
11:42 of 1st period - Stopped by Mads Sogaard with a rebound.
11:44 of 1st period - Shot by Alex Barre-Boulet.
11:44 of 1st period - Shot Misses the Net.
11:46 of 1st period - Shot by Alec Regula.
11:46 of 1st period - Shot Misses the Net.
13:02 of 1st period - Shot by Ryan Mcleod.
13:02 of 1st period - Shot Misses the Net.
13:16 of 1st period - Shot by Cole Bardreau.
13:16 of 1st period - Shot Misses the Net.
13:48 of 1st period - Shot by Ty Ronning.
13:48 of 1st period - Shot Misses the Net.
13:50 of 1st period - Shot by Michael Kapla.
13:50 of 1st period - Stopped by Kaden Fulcher without a rebound.
13:51 of 1st period - Alex Barre-Boulet wins face-off versus Nick Lappin in Moose zone.
13:51 of 1st period - Alex Barre-Boulet is hit by Daniel Walcott.
14:17 of 1st period - Shot by Jake Virtanen.
14:17 of 1st period - Stopped by Mads Sogaard without a rebound.
14:18 of 1st period - Joe Thornton wins face-off versus Jordan Martinook in Wolf Pack zone.
14:29 of 1st period - Shot by Joe Thornton.
14:29 of 1st period - Stopped by Kaden Fulcher without a rebound.
14:30 of 1st period - Joe Thornton wins face-off versus Ryan Mcleod in Moose zone.
14:30 of 1st period - Joe Thornton is hit by Fredrik Claesson.
14:32 of 1st period - Shot by Cole Bardreau.
14:32 of 1st period - Stopped by Kaden Fulcher with a rebound.
14:45 of 1st period - Cole Bardreau is hit by Fredrik Claesson and loses puck.
14:57 of 1st period - Minor Penalty to Mathieu Olivier for Holding.
14:58 of 1st period - Alex Barre-Boulet wins face-off versus Ty Ronning in Moose zone.
14:58 of 1st period - Alex Barre-Boulet is hit by Luke Witkowski.
16:34 of 1st period - Shot by Cole Bardreau.
16:34 of 1st period - Stopped by Kaden Fulcher with a rebound.
16:36 of 1st period - Shot by Nick Lappin.
16:36 of 1st period - Shot Misses the Net.
16:48 of 1st period - Shot by Ty Ronning.
16:48 of 1st period - Deflect By Dave Gust.
16:48 of 1st period - Shot Misses the Net.
16:54 of 1st period - Shot by Brad Richardson.
16:54 of 1st period - Stopped by Kaden Fulcher without a rebound.
16:55 of 1st period - Jordan Martinook wins face-off versus Ben Holmstrom in Moose zone.
17:22 of 1st period - Shot by Filip Chlapik.
17:22 of 1st period - Shot Misses the Net.
17:53 of 1st period - Shot by Nick Lappin.
17:53 of 1st period - Stopped by Kaden Fulcher with a rebound.
17:55 of 1st period - Shot by Matt Donovan.
17:55 of 1st period - Stopped by Kaden Fulcher without a rebound.
17:56 of 1st period - Ryan Mcleod wins face-off versus Ben Holmstrom in Moose zone.
17:56 of 1st period - Ryan Mcleod is hit by Ben Holmstrom.
18:05 of 1st period - Mathieu Olivier is hit by Daniel Walcott and loses puck.
18:13 of 1st period - Ryan Mcleod is hit by Daniel Walcott and loses puck.
18:29 of 1st period - Remi Elie is hit by Seth Helgeson and loses puck.
19:58 of 1st period - Shot by Luke Witkowski.
19:58 of 1st period - Shot Hit the Post.
Goals for this period are 0 for Wolf Pack vs 0 for Moose.
Shots for this period are 8 for Wolf Pack vs 6 for Moose.

2nd period


0:01 of 2nd period - Nikita Scherbak wins face-off versus Henri Ikonen in neutral zone.
0:20 of 2nd period - Icing by Matt Donovan.
0:21 of 2nd period - Henri Ikonen wins face-off versus Anthony Richard in Wolf Pack zone.
0:49 of 2nd period - Shot by Luke Witkowski.
0:49 of 2nd period - Shot Misses the Net.
1:19 of 2nd period - Shot by Jake Virtanen.
1:19 of 2nd period - Stopped by Mads Sogaard with a rebound.
1:21 of 2nd period - Shot by Jake Virtanen.
1:21 of 2nd period - Stopped by Mads Sogaard with a rebound.
1:23 of 2nd period - Shot by Jake Virtanen.
1:23 of 2nd period - Shot Misses the Net.
1:25 of 2nd period - Shot by Mathias Norlinder.
1:25 of 2nd period - Stopped by Mads Sogaard with a rebound.
1:40 of 2nd period - Minor Penalty to Cole Bardreau for Tripping.
1:41 of 2nd period - Henri Ikonen wins face-off versus Xavier Ouellet in Wolf Pack zone.
1:53 of 2nd period - Mathieu Olivier is hit by Seth Helgeson and loses puck.
2:30 of 2nd period - Shot by Fredrik Claesson.
2:30 of 2nd period - Goal by Fredrik Claesson - Wolf Pack : 0 - Moose : 1.
2:31 of 2nd period - Joe Thornton wins face-off versus Alex Barre-Boulet in neutral zone.
2:31 of 2nd period - Joe Thornton is hit by Jake Virtanen.
2:36 of 2nd period - Jeremy Bracco is hit by Alec Regula.
3:30 of 2nd period - Shot by Anthony Richard.
3:30 of 2nd period - Shot Blocked by Michael Kapla.
3:34 of 2nd period - Shot by Mathias Norlinder.
3:34 of 2nd period - Stopped by Mads Sogaard with a rebound.
4:05 of 2nd period - Icing by Michael Kapla.
4:06 of 2nd period - Filip Chlapik wins face-off versus Joe Thornton in Wolf Pack zone.
4:17 of 2nd period - Shot by Filip Chlapik.
4:17 of 2nd period - Stopped by Mads Sogaard without a rebound.
4:18 of 2nd period - Jake Virtanen wins face-off versus Dave Gust in Wolf Pack zone.
4:25 of 2nd period - Shot by Ben Holmstrom.
4:25 of 2nd period - Stopped by Kaden Fulcher with a rebound.
4:31 of 2nd period - Shot by Ben Holmstrom.
4:31 of 2nd period - Stopped by Kaden Fulcher without a rebound.
4:32 of 2nd period - Henri Ikonen wins face-off versus Anthony Richard in Moose zone.
4:32 of 2nd period - Henri Ikonen is hit by Derrick Pouliot.
4:34 of 2nd period - Shot by Emile Poirier.
4:34 of 2nd period - Stopped by Kaden Fulcher without a rebound.
4:35 of 2nd period - Ben Holmstrom wins face-off versus Alex Barre-Boulet in Moose zone.
4:42 of 2nd period - Shot by Dave Gust.
4:42 of 2nd period - Shot Misses the Net.
4:44 of 2nd period - Shot by Dave Gust.
4:44 of 2nd period - Shot Misses the Net.
4:46 of 2nd period - Shot by Dave Gust.
4:46 of 2nd period - Shot Misses the Net.
4:48 of 2nd period - Shot by Brad Richardson.
4:48 of 2nd period - Stopped by Kaden Fulcher without a rebound.
4:49 of 2nd period - Anthony Richard wins face-off versus Henri Ikonen in Moose zone.
4:55 of 2nd period - Icing by Derrick Pouliot.
4:56 of 2nd period - Ben Holmstrom wins face-off versus Anthony Richard in Moose zone.
5:15 of 2nd period - Shot by Pierre Engvall.
5:15 of 2nd period - Goal by Pierre Engvall - Wolf Pack : 0 - Moose : 2.
5:16 of 2nd period - Nikita Scherbak wins face-off versus Henri Ikonen in neutral zone.
5:36 of 2nd period - Emile Poirier is hit by Xavier Ouellet and loses puck.
6:32 of 2nd period - Shot by Jordan Martinook.
6:32 of 2nd period - Shot Misses the Net.
6:34 of 2nd period - Shot by Anthony Richard.
6:34 of 2nd period - Shot Misses the Net.
6:36 of 2nd period - Shot by Jordan Martinook.
6:36 of 2nd period - Shot Misses the Net.
6:48 of 2nd period - Shot by Jordan Martinook.
6:48 of 2nd period - Shot Misses the Net.
7:05 of 2nd period - Icing by Wyatte Wylie.
7:06 of 2nd period - Cole Bardreau wins face-off versus Filip Chlapik in Moose zone.
8:06 of 2nd period - Icing by Alec Regula.
8:07 of 2nd period - Alex Barre-Boulet wins face-off versus Nick Lappin in Moose zone.
8:43 of 2nd period - Icing by Xavier Ouellet.
8:44 of 2nd period - Alex Barre-Boulet wins face-off versus Ben Holmstrom in Moose zone.
8:57 of 2nd period - Shot by Dave Gust.
8:57 of 2nd period - Stopped by Kaden Fulcher with a rebound.
8:59 of 2nd period - Shot by Ben Holmstrom.
8:59 of 2nd period - Stopped by Kaden Fulcher without a rebound.
9:00 of 2nd period - Anthony Richard wins face-off versus Henri Ikonen in Moose zone.
9:00 of 2nd period - Anthony Richard is hit by Luke Witkowski.
9:31 of 2nd period - Icing by Mathias Norlinder.
9:32 of 2nd period - Anthony Richard wins face-off versus Ben Holmstrom in Moose zone.
9:47 of 2nd period - Shot by Pierre Engvall.
9:47 of 2nd period - Stopped by Mads Sogaard without a rebound.
9:48 of 2nd period - Alex Barre-Boulet wins face-off versus Joe Thornton in Wolf Pack zone.
10:22 of 2nd period - Shot by Alex Barre-Boulet.
10:22 of 2nd period - Goal by Alex Barre-Boulet - Wolf Pack : 0 - Moose : 3.
10:23 of 2nd period - Filip Chlapik wins face-off versus Dave Gust in neutral zone.
10:25 of 2nd period - Off-side.
10:26 of 2nd period - Anthony Richard wins face-off versus Dave Gust in neutral zone.
10:28 of 2nd period - Pierre Engvall is hit by Matt Donovan and loses puck.
10:38 of 2nd period - Dave Gust is hit by Jordan Martinook and loses puck.
11:27 of 2nd period - Derrick Pouliot is hit by Daniel Walcott and loses puck.
11:46 of 2nd period - Shot by Emile Poirier.
11:46 of 2nd period - Goal by Emile Poirier - Wolf Pack : 1 - Moose : 3.
11:47 of 2nd period - Filip Chlapik wins face-off versus Joe Thornton in neutral zone.
11:49 of 2nd period - Ryan Dmowski is hit by Kyle Wood and loses puck.
12:07 of 2nd period - Icing by Ryan Dmowski.
12:08 of 2nd period - Filip Chlapik wins face-off versus Nick Lappin in Moose zone.
12:13 of 2nd period - Shot by Xavier Ouellet.
12:13 of 2nd period - Stopped by Mads Sogaard with a rebound.
12:27 of 2nd period - Shot by Daniel Walcott.
12:27 of 2nd period - Stopped by Kaden Fulcher with a rebound.
12:29 of 2nd period - Shot by Nick Lappin.
12:29 of 2nd period - Shot Misses the Net.
12:31 of 2nd period - Shot by Henri Ikonen.
12:31 of 2nd period - Stopped by Kaden Fulcher without a rebound.
12:32 of 2nd period - Joe Thornton wins face-off versus Alex Barre-Boulet in Moose zone.
12:41 of 2nd period - Shot by Cole Bardreau.
12:41 of 2nd period - Stopped by Kaden Fulcher without a rebound.
12:42 of 2nd period - Ben Holmstrom wins face-off versus Alex Barre-Boulet in Moose zone.
12:47 of 2nd period - Shot by Dave Gust.
12:47 of 2nd period - Goal by Dave Gust - Wolf Pack : 2 - Moose : 3.
12:48 of 2nd period - Ben Holmstrom wins face-off versus Alex Barre-Boulet in neutral zone.
13:10 of 2nd period - Shot by Alex Barre-Boulet.
13:10 of 2nd period - Stopped by Mads Sogaard with a rebound.
13:12 of 2nd period - Shot by Nikita Scherbak.
13:12 of 2nd period - Stopped by Mads Sogaard without a rebound.
13:13 of 2nd period - Henri Ikonen wins face-off versus Anthony Richard in Wolf Pack zone.
13:35 of 2nd period - Luke Witkowski is hit by Jordan Martinook and loses puck.
14:53 of 2nd period - Icing by Xavier Ouellet.
14:54 of 2nd period - Ben Holmstrom wins face-off versus Filip Chlapik in Moose zone.
16:32 of 2nd period - Icing by Mathias Norlinder.
16:33 of 2nd period - Nick Lappin wins face-off versus Alex Barre-Boulet in Moose zone.
16:33 of 2nd period - Matt Donovan is hit by Derrick Pouliot and loses puck.
16:36 of 2nd period - Shot by Shane Bowers.
16:36 of 2nd period - Stopped by Kaden Fulcher with a rebound.
16:44 of 2nd period - Shot by Shane Bowers.
16:44 of 2nd period - Stopped by Kaden Fulcher without a rebound.
16:45 of 2nd period - Ryan Mcleod wins face-off versus Brad Richardson in Moose zone.
17:24 of 2nd period - Shot by Ryan Mcleod.
17:24 of 2nd period - Stopped by Mads Sogaard with a rebound.
17:39 of 2nd period - Icing by Jake Virtanen.
17:40 of 2nd period - Alex Barre-Boulet wins face-off versus Joe Thornton in Moose zone.
17:40 of 2nd period - Alex Barre-Boulet is hit by Joe Thornton.
17:46 of 2nd period - Shot by Tyler Wotherspoon.
17:46 of 2nd period - Shot Blocked by Alex Barre-Boulet.
17:48 of 2nd period - Shot by Tyler Wotherspoon.
17:48 of 2nd period - Stopped by Kaden Fulcher with a rebound.
18:12 of 2nd period - Shot by Jeremy Bracco.
18:12 of 2nd period - Shot Misses the Net.
19:07 of 2nd period - Anthony Richard is hit by Daniel Walcott and loses puck.
19:09 of 2nd period - Minor Penalty to Daniel Walcott for Cross-checking.
19:10 of 2nd period - Mathieu Olivier wins face-off versus Henri Ikonen in Wolf Pack zone.
19:11 of 2nd period - Shot by Filip Chlapik.
19:11 of 2nd period - Stopped by Mads Sogaard with a rebound.
19:34 of 2nd period - Shot by Xavier Ouellet.
19:34 of 2nd period - Shot Misses the Net.
19:36 of 2nd period - Shot by Derrick Pouliot.
19:36 of 2nd period - Stopped by Mads Sogaard without a rebound.
19:37 of 2nd period - Jordan Martinook wins face-off versus Cole Bardreau in Wolf Pack zone.
Goals for this period are 2 for Wolf Pack vs 3 for Moose.
Shots for this period are 14 for Wolf Pack vs 15 for Moose.

3rd period


0:01 of 3rd period - Henri Ikonen wins face-off versus Xavier Ouellet in neutral zone.
0:04 of 3rd period - Filip Chlapik is hit by Henri Ikonen and loses puck.
0:38 of 3rd period - Shot by Wyatte Wylie.
0:38 of 3rd period - Stopped by Mads Sogaard without a rebound.
0:39 of 3rd period - Dave Gust wins face-off versus Jordan Martinook in Wolf Pack zone.
0:50 of 3rd period - Shot by Derrick Pouliot.
0:50 of 3rd period - Stopped by Mads Sogaard without a rebound.
0:51 of 3rd period - Isaac Ratcliffe wins face-off versus Henri Ikonen in Wolf Pack zone.
0:52 of 3rd period - Shot by Mathias Norlinder.
0:52 of 3rd period - Shot Misses the Net.
1:17 of 3rd period - Shot by Jeremy Bracco.
1:17 of 3rd period - Shot Misses the Net.
1:19 of 3rd period - Shot by Cole Bardreau.
1:19 of 3rd period - Goal by Cole Bardreau - Wolf Pack : 3 - Moose : 3.
1:20 of 3rd period - Ryan Mcleod wins face-off versus Joe Thornton in neutral zone.
2:19 of 3rd period - Minor Penalty to Joe Thornton for Roughing.
2:20 of 3rd period - Henri Ikonen wins face-off versus Jordan Martinook in Wolf Pack zone.
2:39 of 3rd period - Shot by Anthony Richard.
2:39 of 3rd period - Stopped by Mads Sogaard without a rebound.
2:40 of 3rd period - Xavier Ouellet wins face-off versus Henri Ikonen in Wolf Pack zone.
2:40 of 3rd period - Xavier Ouellet is hit by Tyler Wotherspoon.
2:53 of 3rd period - Minor Penalty to Fredrik Claesson for Close Hand On Puck.
2:54 of 3rd period - Alex Barre-Boulet wins face-off versus Henri Ikonen in Moose zone.
3:01 of 3rd period - Shot by Dave Gust.
3:01 of 3rd period - Stopped by Kaden Fulcher without a rebound.
3:02 of 3rd period - Alex Barre-Boulet wins face-off versus Henri Ikonen in Moose zone.
3:02 of 3rd period - Derrick Pouliot is hit by Daniel Walcott and loses puck.
3:24 of 3rd period - Shot by Xavier Ouellet.
3:24 of 3rd period - Shot Misses the Net.
3:26 of 3rd period - Shot by Xavier Ouellet.
3:26 of 3rd period - Stopped by Mads Sogaard with a rebound.
3:33 of 3rd period - Alex Barre-Boulet is hit by Daniel Walcott.
3:41 of 3rd period - Icing by Xavier Ouellet.
3:42 of 3rd period - Alex Barre-Boulet wins face-off versus Brad Richardson in Moose zone.
3:44 of 3rd period - Derrick Pouliot is hit by Luke Witkowski and loses puck.
3:49 of 3rd period - Shot by Luke Witkowski.
3:49 of 3rd period - Stopped by Kaden Fulcher without a rebound.
3:50 of 3rd period - Henri Ikonen wins face-off versus Alex Barre-Boulet in Moose zone.
4:25 of 3rd period - Shot by Ben Holmstrom.
4:25 of 3rd period - Shot Misses the Net.
4:55 of 3rd period - Minor Penalty to Xavier Ouellet for Hooking.
4:56 of 3rd period - Alex Barre-Boulet wins face-off versus Henri Ikonen in Moose zone.
5:01 of 3rd period - Matt Donovan is hit by Fredrik Claesson and loses puck.
5:22 of 3rd period - Shot by Ty Ronning.
5:22 of 3rd period - Stopped by Kaden Fulcher without a rebound.
5:23 of 3rd period - Ben Holmstrom wins face-off versus Jordan Martinook in Moose zone.
5:50 of 3rd period - Shot by Ben Holmstrom.
5:50 of 3rd period - Shot Misses the Net.
5:52 of 3rd period - Shot by Daniel Walcott.
5:52 of 3rd period - Stopped by Kaden Fulcher with a rebound.
6:10 of 3rd period - Matt Donovan is hit by Alex Barre-Boulet and loses puck.
6:29 of 3rd period - Shot by Alex Barre-Boulet.
6:29 of 3rd period - Goal by Alex Barre-Boulet - Wolf Pack : 3 - Moose : 4.
6:30 of 3rd period - Ben Holmstrom wins face-off versus Jordan Martinook in neutral zone.
7:12 of 3rd period - Shot by Cole Bardreau.
7:12 of 3rd period - Stopped by Kaden Fulcher with a rebound.
7:14 of 3rd period - Shot by Jeremy Bracco.
7:14 of 3rd period - Shot Misses the Net.
7:30 of 3rd period - Shot by Joe Thornton.
7:30 of 3rd period - Stopped by Kaden Fulcher with a rebound.
7:55 of 3rd period - Xavier Ouellet is hit by Dave Gust and loses puck.
8:04 of 3rd period - Shot by Ben Holmstrom.
8:04 of 3rd period - Shot Misses the Net.
8:06 of 3rd period - Shot by Ben Holmstrom.
8:06 of 3rd period - Shot Blocked by Xavier Ouellet.
8:08 of 3rd period - Shot by Dave Gust.
8:08 of 3rd period - Shot Misses the Net.
8:10 of 3rd period - Shot by Daniel Walcott.
8:10 of 3rd period - Stopped by Kaden Fulcher without a rebound.
8:11 of 3rd period - Nick Lappin wins face-off versus Alex Barre-Boulet in Moose zone.
8:22 of 3rd period - Shot by Shane Bowers.
8:22 of 3rd period - Stopped by Kaden Fulcher without a rebound.
8:23 of 3rd period - Anthony Richard wins face-off versus Henri Ikonen in Moose zone.
9:03 of 3rd period - Icing by Jordan Martinook.
9:04 of 3rd period - Anthony Richard wins face-off versus Joe Thornton in Moose zone.
9:04 of 3rd period - Anthony Richard is hit by Cole Bardreau.
9:22 of 3rd period - Cole Bardreau is hit by Wyatte Wylie.
9:31 of 3rd period - Pierre Engvall is hit by Matt Donovan and loses puck.
9:48 of 3rd period - Shot by Jake Virtanen.
9:48 of 3rd period - Stopped by Mads Sogaard without a rebound.
9:49 of 3rd period - Ben Holmstrom wins face-off versus Ryan Mcleod in Wolf Pack zone.
10:02 of 3rd period - Shot by Ben Holmstrom.
10:02 of 3rd period - Stopped by Kaden Fulcher without a rebound.
10:03 of 3rd period - Henri Ikonen wins face-off versus Alex Barre-Boulet in Moose zone.
10:10 of 3rd period - Shot by Luke Witkowski.
10:10 of 3rd period - Goal by Luke Witkowski - Wolf Pack : 4 - Moose : 4.
10:11 of 3rd period - Alex Barre-Boulet wins face-off versus Dave Gust in neutral zone.
10:13 of 3rd period - Mathias Norlinder is hit by Brad Richardson.
10:38 of 3rd period - Derrick Pouliot is hit by Brad Richardson and loses puck.
11:03 of 3rd period - Matt Donovan is hit by Jake Virtanen and loses puck.
11:11 of 3rd period - Icing by Matt Donovan.
11:12 of 3rd period - Henri Ikonen wins face-off versus Anthony Richard in Wolf Pack zone.
11:17 of 3rd period - Jordan Martinook is hit by Luke Witkowski.
11:27 of 3rd period - Emile Poirier is hit by Jordan Martinook.
11:34 of 3rd period - Shot by Pierre Engvall.
11:34 of 3rd period - Stopped by Mads Sogaard with a rebound.
11:36 of 3rd period - Shot by Xavier Ouellet.
11:36 of 3rd period - Deflect By Anthony Richard.
11:36 of 3rd period - Shot Misses the Net.
11:46 of 3rd period - Shot by Matt Donovan.
11:46 of 3rd period - Stopped by Kaden Fulcher with a rebound.
12:09 of 3rd period - Icing by Wyatte Wylie.
12:10 of 3rd period - Ben Holmstrom wins face-off versus Filip Chlapik in Moose zone.
12:17 of 3rd period - Shot by Brad Richardson.
12:17 of 3rd period - Shot Misses the Net.
12:23 of 3rd period - Shot by Brad Richardson.
12:23 of 3rd period - Stopped by Kaden Fulcher without a rebound.
12:24 of 3rd period - Alex Barre-Boulet wins face-off versus Joe Thornton in Moose zone.
12:24 of 3rd period - Alex Barre-Boulet is hit by Cole Bardreau.
12:32 of 3rd period - Shot by Jake Virtanen.
12:32 of 3rd period - Shot Misses the Net.
12:42 of 3rd period - Shot by Jeremy Bracco.
12:42 of 3rd period - Goal by Jeremy Bracco - Wolf Pack : 5 - Moose : 4.
12:43 of 3rd period - Anthony Richard wins face-off versus Ben Holmstrom in neutral zone.
12:50 of 3rd period - Shot by Pierre Engvall.
12:50 of 3rd period - Stopped by Mads Sogaard with a rebound.
13:02 of 3rd period - Shot by Pierre Engvall.
13:02 of 3rd period - Stopped by Mads Sogaard without a rebound.
13:03 of 3rd period - Nikita Scherbak wins face-off versus Nick Lappin in Wolf Pack zone.
13:58 of 3rd period - Shot by Pierre Engvall.
13:58 of 3rd period - Stopped by Mads Sogaard without a rebound.
13:59 of 3rd period - Ben Holmstrom wins face-off versus Filip Chlapik in Wolf Pack zone.
14:36 of 3rd period - Icing by Seth Helgeson.
14:37 of 3rd period - Ben Holmstrom wins face-off versus Anthony Richard in Wolf Pack zone.
14:37 of 3rd period - Ben Holmstrom is hit by Jordan Martinook.
14:56 of 3rd period - Mathias Norlinder is hit by Joe Thornton and loses puck.
15:07 of 3rd period - Shot by Jordan Martinook.
15:07 of 3rd period - Stopped by Mads Sogaard without a rebound.
15:08 of 3rd period - Alex Barre-Boulet wins face-off versus Henri Ikonen in Wolf Pack zone.
15:17 of 3rd period - Shot by Nikita Scherbak.
15:17 of 3rd period - Stopped by Mads Sogaard with a rebound.
15:33 of 3rd period - Shot by Alex Barre-Boulet.
15:33 of 3rd period - Shot Misses the Net.
15:35 of 3rd period - Shot by Alec Regula.
15:35 of 3rd period - Shot Hit the Post.
15:37 of 3rd period - Shot by Alex Barre-Boulet.
15:37 of 3rd period - Stopped by Mads Sogaard without a rebound.
15:38 of 3rd period - Joe Thornton wins face-off versus Filip Chlapik in Wolf Pack zone.
15:55 of 3rd period - Shot by Isaac Ratcliffe.
15:55 of 3rd period - Stopped by Mads Sogaard without a rebound.
15:56 of 3rd period - Anthony Richard wins face-off versus Brad Richardson in Wolf Pack zone.
15:59 of 3rd period - Shot by Pierre Engvall.
15:59 of 3rd period - Stopped by Mads Sogaard with a rebound.
16:01 of 3rd period - Shot by Mathias Norlinder.
16:01 of 3rd period - Stopped by Mads Sogaard without a rebound.
16:02 of 3rd period - Alex Barre-Boulet wins face-off versus Ben Holmstrom in Wolf Pack zone.
16:13 of 3rd period - Shot by Ben Holmstrom.
16:13 of 3rd period - Stopped by Kaden Fulcher without a rebound.
16:14 of 3rd period - Anthony Richard wins face-off versus Henri Ikonen in Moose zone.
16:18 of 3rd period - Off-side.
16:19 of 3rd period - Nikita Scherbak wins face-off versus Ben Holmstrom in neutral zone.
16:31 of 3rd period - Ben Holmstrom is hit by Jake Virtanen and loses puck.
17:00 of 3rd period - Shot by Alex Barre-Boulet.
17:00 of 3rd period - Goal by Alex Barre-Boulet - Wolf Pack : 5 - Moose : 5.
17:01 of 3rd period - Anthony Richard wins face-off versus Henri Ikonen in neutral zone.
17:01 of 3rd period - Fredrik Claesson is hit by Emile Poirier and loses puck.
17:13 of 3rd period - Emile Poirier is hit by Wyatte Wylie and loses puck.
17:37 of 3rd period - Shot by Pierre Engvall.
17:37 of 3rd period - Shot Misses the Net.
17:54 of 3rd period - Minor Penalty to Isaac Ratcliffe for Hooking.
17:55 of 3rd period - Brad Richardson wins face-off versus Alex Barre-Boulet in Moose zone.
18:10 of 3rd period - Shot by Tyler Wotherspoon.
18:10 of 3rd period - Stopped by Kaden Fulcher without a rebound.
18:11 of 3rd period - Brad Richardson wins face-off versus Alex Barre-Boulet in Moose zone.
18:58 of 3rd period - Icing by Tyler Wotherspoon.
18:59 of 3rd period - Henri Ikonen wins face-off versus Jordan Martinook in Wolf Pack zone.
19:09 of 3rd period - Shot by Jordan Martinook.
19:09 of 3rd period - Shot Misses the Net.
19:11 of 3rd period - Shot by Jordan Martinook.
19:11 of 3rd period - Stopped by Mads Sogaard without a rebound.
19:12 of 3rd period - Ben Holmstrom wins face-off versus Alex Barre-Boulet in Wolf Pack zone.
Goals for this period are 3 for Wolf Pack vs 2 for Moose.
Shots for this period are 16 for Wolf Pack vs 18 for Moose.

Overtime #1


0:01 of 1st overtime period - Brad Richardson wins face-off versus Alex Barre-Boulet in neutral zone.
0:04 of 1st overtime period - Shot by Emile Poirier.
0:04 of 1st overtime period - Shot Blocked by Alex Barre-Boulet.
0:22 of 1st overtime period - Shot by Remi Elie.
0:22 of 1st overtime period - Deflect By Alex Barre-Boulet.
0:22 of 1st overtime period - Shot Misses the Net.
0:24 of 1st overtime period - Shot by Remi Elie.
0:24 of 1st overtime period - Stopped by Mads Sogaard without a rebound.
0:25 of 1st overtime period - Brad Richardson wins face-off versus Alex Barre-Boulet in Wolf Pack zone.
0:30 of 1st overtime period - Shot by Brad Richardson.
0:30 of 1st overtime period - Deflect By Emile Poirier.
0:30 of 1st overtime period - Stopped by Kaden Fulcher without a rebound.
0:31 of 1st overtime period - Brad Richardson wins face-off versus Alex Barre-Boulet in Moose zone.
0:34 of 1st overtime period - Shot by Emile Poirier.
0:34 of 1st overtime period - Goal by Emile Poirier - Wolf Pack : 6 - Moose : 5.
Goals for this period are 1 for Wolf Pack vs 0 for Moose.
Shots for this period are 2 for Wolf Pack vs 1 for Moose.